 Dungeon Crawl Stone Soup version 0.19-a0-1002-g674d22e (webtiles) character file.

11389 HAL9000 the Martial Artist (level 11, 0/94 HPs)
             Began as a Pale Draconian Transmuter on July 18, 2016.
             Was the Champion of Cheibriados.
             Slain by HAL9000's ghost (8 damage)
             ... on level 1 of the Lair of Beasts.
             The game lasted 00:25:32 (12250 turns).

HAL9000 the Martial Artist (DrTm)                  Turns: 12250, Time: 00:25:33

Health: 0/94       AC:  8    Str: 29    XL:     11   Next: 48%
Magic:  8/16       EV: 14    Int: 34    God:    Cheibriados [******]
Gold:   218        SH:  0    Dex: 29    Spells: 4 memorised, 3 levels left

rFire  . . .     SeeInvis .       - Unarmed
rCold  + . .     Gourm    .     (armour unavailable)
rNeg   . . .     Faith    .     (shield currently unavailable)
rPois  .         Spirit   .     (helmet restricted)
rElec  .         Dismiss  .     (no cloak)
rCorr  .         Reflect  .     (gloves currently unavailable)
SustAt .         Harm     .     Z - +0 pair of boots
MR     .....                    (no amulet)
Stlth  ++........               H - ring of protection from cold
                                G - +6 ring of intelligence

@: blade hands, heavily drained, very slow, not resistant to hostile
enchantments, unstealthy
A: breathe steam, unfitting armour, cold-blooded, AC +7
a: Breathe Steam, End Transformation, Bend Time, Temporal Distortion, Slouch,
Step From Time, Renounce Religion


You were on level 1 of the Lair of Beasts.
You worshipped Cheibriados.
Cheibriados was exalted by your worship.
You were very hungry.
You had blades for hands.
You visited 2 branches of the dungeon, and saw 11 of its levels.

You collected 654 gold pieces.
You spent 436 gold pieces at shops.

Inventory:

Missiles
 a - 110 arrows
 M - 6 javelins (quivered)
Armour
 U - a +1 pair of gloves of archery (melded)
 Z - a +0 pair of boots (worn)
Jewellery
 G - a +6 ring of intelligence (left scythe-like blade)
 H - a ring of protection from cold (right scythe-like blade)
 V - an uncursed ring of flight
Wands
 y - a wand of flame (26/48)
 D - a wand of polymorph (5/24)
 O - a wand of lightning (11/15)
 R - a wand of teleportation (6/9)
 S - a wand of digging (12/24)
 T - a wand of iceblast (9/15)
 X - a wand of polymorph (17/24)
Scrolls
 k - 2 scrolls of enchant armour
 l - 4 scrolls of teleportation
 q - 5 scrolls of remove curse
 A - a scroll of blinking
 B - a scroll of fog
 I - a scroll of enchant weapon
 Q - a scroll of recharging
 Y - a scroll of identify
Potions
 d - a potion of flight {unknown}
 g - 6 potions of curing
 h - 2 potions of might
 i - 2 potions of ambrosia {unknown}
 m - 6 potions of degeneration {unknown}
 o - 2 potions of berserk rage {unknown}
 p - 6 potions of haste
 w - 2 potions of agility {unknown}
 z - 3 potions of heal wounds {unknown}
 F - a potion of resistance {unknown}
 K - a potion of cancellation {unknown}
Books
 b - a book of Changes

   Spells                             Type                      Level
   a - Beastly Appendage              Transmutation                1
   b - Sticks to Snakes               Transmutation                2
   c - Spider Form                    Transmutation/Poison         3
   d - Ice Form                       Ice/Transmutation            4
   e - Blade Hands                    Transmutation                5
 P - a book of Conjurations

   Spells                             Type                      Level
   a - Magic Dart                     Conjuration                  1
   b - Searing Ray                    Conjuration                  2
   c - Dazzling Spray                 Conjuration/Hexes            3
   d - Fulminant Prism                Conjuration/Hexes            4
   e - Iskenderun's Mystic Blast      Conjuration                  4
   f - Iskenderun's Battlesphere      Conjuration/Charms           5
Comestibles
 c - 11 bread rations
 f - 4 slices of pizza
 t - 5 meat rations
 u - 8 beef jerkies
 v - a fruit
 W - 9 royal jellies


   Skills:
 - Level 8.2(6.2) Fighting
 + Level 4.0(2.3) Dodging
 * Level 12.5(10.3) Unarmed Combat
 - Level 2.0(0.3) Spellcasting
 - Level 8.7(6.7) Transmutations
 + Level 6.9(5.0) Invocations


You had 3 spell levels left.
You knew the following spells:

 Your Spells              Type           Power        Failure   Level  Hunger
a - Beastly Appendage     Tmut           #####.       12%         1    ##.....
b - Sticks to Snakes      Tmut           #####...     14%         2    ###....
c - Spider Form           Tmut/Pois      ###.......   41%         3    ####...
d - Blade Hands           Tmut           #####.....   54%         5    ######.


Dungeon Overview and Level Annotations

Branches:
Dungeon (10/15)            Temple (0/1) D:4            Lair (1/6) D:10
    Orc: D:9-12

Altars:
Cheibriados
Gozag
Ru
Uskayaw
Yredelemnul
Zin
The Shining One

Shops:
D:8 *   D:10 }

Annotations:
Lair:1 HAL9000's ghost, journeyman OgHu


Innate Abilities, Weirdness & Mutations

You can breathe blasts of scalding, opaque steam.
Your pale cyan-grey scales are hard. (AC +7)
Your body does not fit into most forms of armour.
You are cold-blooded and may be slowed by cold attacks.


Message History

HAL9000's ghost is heavily damaged.
Your adder barely misses HAL9000's ghost. x2
You hit HAL9000's ghost but do no damage.
You tail-slap HAL9000's ghost.
HAL9000's ghost is heavily damaged.
HAL9000's ghost hits you!
You feel drained.
Your adder misses HAL9000's ghost.
Your adder barely misses HAL9000's ghost.
You hit HAL9000's ghost but do no damage.
HAL9000's ghost is heavily damaged.
Your adder closely misses HAL9000's ghost.
HAL9000's ghost hits you!!
You feel drained.
Your adder misses HAL9000's ghost. You barely miss HAL9000's ghost.
You tail-slap HAL9000's ghost, but do no damage.
HAL9000's ghost is heavily damaged.
Your adder closely misses HAL9000's ghost.
Your adder bites HAL9000's ghost but does no damage.
HAL9000's ghost hits you!!
* * * LOW HITPOINT WARNING * * *
You feel drained.
You die...

## ###
######.###########.#####
......SSS...............
......W@SS..............
.....#########..........
... ##.......... .
#......#P### ##.....###
#.....# ###.....#
........(# ##.#.....#


You could see HAL9000's ghost, a friendly water moccasin and 4 friendly adders.

Vanquished Creatures
  A death yak (D:10)
  An unseen horror (D:10)
  4 hill giants (D:10)
  An elephant (D:10)
  The ghost of p0werm0de the Ruffian, a novice CeTm of Dithmenos (D:7)
  A spiny frog (Lair:1)
  A wyvern (D:10)
  16 yaks
  3 hungry ghosts (D:10)
  2 soldier ants (D:9)
  A porcupine (Lair:1)
  2 ice beasts (D:9)
  A wasp (D:9)
  2 phantoms
  5 ogres
  3 centaurs
  2 crocodiles (D:10)
  3 giant frogs
  A wyvern zombie (D:9)
  11 killer bees
  14 wights
  4 howler monkeys
  A jelly (D:7)
  A giant frog zombie (D:10)
  A quasit (D:9)
  3 crimson imps
  2 giant frog skeletons (D:5)
  A centaur skeleton (D:5)
  6 orc priests
  A gnoll shaman (D:5)
  3 hounds
  6 orc wizards
  7 iguanas
  Terence (D:2)
  8 worker ants
  A hound zombie (D:7)
  A hound skeleton (D:10)
  A howler monkey zombie (D:9)
  4 gnolls
  8 adders
  5 shadow imps
  An ooze (D:4)
  An adder zombie (D:9)
  An adder skeleton (D:5)
  2 worms
  2 dart slugs
  7 giant geckos
  33 orcs
  3 ball pythons
  4 giant cockroaches
  7 goblins
  10 hobgoblins
  10 jackals
  7 kobolds
  6 quokkas
  5 bats
  A giant gecko skeleton (D:8)
  5 giant newts
  A quokka zombie (D:7)
  15 rats
262 creatures vanquished.

Vanquished Creatures (collateral kills)
  An ice beast (D:5)
  A quokka skeleton (D:4)
2 creatures vanquished.

Grand Total: 264 creatures vanquished

Notes
Turn   | Place    | Note
-------+----------+-------------------------------------------
     0 | D:1      | HAL9000 the Draconian Transmuter began the quest for the Orb.
     0 | D:1      | Reached XP level 1. HP: 16/16 MP: 3/3
    54 | D:1      | Reached XP level 2. HP: 12/23 MP: 3/5
   640 | D:1      | Reached XP level 3. HP: 16/28 MP: 6/6
   654 | D:1      | Learned a level 2 spell: Sticks to Snakes
   688 | D:1      | Found a snail-covered altar of Cheibriados.
   710 | D:1      | Became a worshipper of Cheibriados the Contemplative
  1781 | D:2      | Reached * piety under Cheibriados
  1849 | D:2      | Reached skill level 4 in Unarmed Combat
  1849 | D:2      | Reached XP level 4. HP: 35/35 MP: 5/7
  2335 | D:2      | Noticed Terence
  2501 | D:2      | Learned a level 3 spell: Spider Form
  2531 | D:2      | Killed Terence
  2996 | D:3      | Found a glowing silver altar of Zin.
  3201 | D:3      | Reached XP level 5. HP: 16/40 MP: 1/8
  3207 | D:3      | Reached ** piety under Cheibriados
  3589 | D:3      | Found a sacrificial altar of Ru.
  3847 | D:4      | Noticed an ogre
  3853 | D:4      | Killed an ogre
  3853 | D:4      | Reached skill level 5 in Unarmed Combat
  3856 | D:4      | Reached XP level 6. HP: 5/47 MP: 5/9
  4204 | D:4      | Found a staircase to the Ecumenical Temple.
  4218 | D:4      | Reached skill level 5 in Transmutations
  4475 | D:5      | Entered Level 5 of the Dungeon
  4857 | D:5      | Your scales start taking on a pale cyan-grey colour.
  4857 | D:5      | Reached XP level 7. HP: 33/52 MP: 1/10
  4962 | D:5      | Reached skill level 6 in Unarmed Combat
  4965 | D:5      | Reached *** piety under Cheibriados
  6011 | D:5      | Reached skill level 7 in Unarmed Combat
  6338 | D:6      | Reached XP level 8. HP: 60/60 MP: 9/11
  6352 | D:6      | Learned a level 5 spell: Blade Hands
  6446 | D:6      | Found an opulent altar of Gozag.
  6459 | D:6      | Found a basalt altar of Yredelemnul.
  6464 | D:6      | Found a glowing golden altar of the Shining One.
  6466 | D:6      | Noticed an angel
  6715 | D:7      | Noticed p0werm0de's ghost (novice CeTm)
  7054 | D:7      | Reached **** piety under Cheibriados
  7110 | D:7      | Killed p0werm0de's ghost
  7110 | D:7      | Reached skill level 8 in Unarmed Combat
  7180 | D:7      | Reached XP level 9. HP: 22/72 MP: 1/12
  7532 | D:7      | Reached skill level 5 in Fighting
  7534 | D:7      | Reached ***** piety under Cheibriados
  7726 | D:7      | Found a hide-covered altar of Uskayaw.
  7769 | D:8      | Found Gucsop's Assorted Antiques.
  7789 | D:8      | Bought a scroll labeled NOFEJU HUJOH for 23 gold pieces
  7789 | D:8      | Bought a scroll labeled NOFEJU HUJOH for 23 gold pieces
  8627 | D:9      | Reached skill level 9 in Unarmed Combat
  8713 | D:9      | Reached skill level 1 in Invocations
  9715 | D:9      | Reached skill level 10 in Unarmed Combat
  9715 | D:9      | Reached XP level 10. HP: 62/84 MP: 5/13
 10177 | D:10     | Entered Level 10 of the Dungeon
 10177 | D:10     | Found Citos's Gadget Shoppe.
 10182 | D:10     | Reached ****** piety under Cheibriados
 10361 | D:10     | Noticed a death yak
 10362 | D:10     | Noticed an elephant
 10362 | D:10     | Noticed a hill giant
 10465 | D:10     | Killed an unseen horror
 10465 | D:10     | Reached skill level 11 in Unarmed Combat
 10796 | D:10     | Killed a hill giant
 10796 | D:10     | Reached skill level 5 in Invocations
 10939 | D:10     | Found a staircase to the Lair.
 10943 | D:10     | Killed an elephant
 11235 | D:10     | Noticed a hill giant
 11241 | D:10     | Killed a hill giant
 11241 | D:10     | Reached XP level 11. HP: 54/94 MP: 9/15
 11326 | D:10     | Noticed a hill giant
 11332 | D:10     | Killed a hill giant
 11339 | D:10     | Bought a wand of teleportation (6/9) for 390 gold pieces
 11487 | D:10     | Killed a death yak
 11487 | D:10     | Reached skill level 12 in Unarmed Combat
 11488 | D:10     | Noticed a hill giant
 12032 | D:10     | Killed a hill giant
 12195 | Lair:1   | Entered Level 1 of the Lair of Beasts
 12241 | Lair:1   | Noticed HAL9000's ghost (journeyman OgHu)
 12250 | Lair:1   | Slain by HAL9000's ghost

Vault maps used:
D:1:      erik_arrival_orb_chamber, cheibriados_altar_1
D:2:      uniq_terence
D:3:      zin_academy, first_bread, hangedman_ru_absence
D:4:      minmay_ruptured
D:6:      grunt_temple_overflow_holy_war, lemuel_statue_altar
D:7:      kennysheep_little_box, hangedman_abyss_or_decor_slice
D:8:      serial_shops, shop, serial_bayou_pond_d
D:9:      hangedman_pestilent_swarm
D:10:     david_lair_generic, serial_shops, shop
Lair:1:   uniq_grum

Skill      XL: |  1  2  3  4  5  6  7  8  9 10 11 |
---------------+----------------------------------+-----
Transmutations | 3 4 5 7 8 |  8.7
Unarmed Combat | 4 5 7 8 10 11 12 | 12.5
Fighting       | 4 6 8 |  8.2
Invocations    | 2 5 6 |  6.9
Dodging        | 2 4 |  4.0
Spellcasting   | |  2.0

Action                   |  1- 3 |  4- 6 |  7- 9 | 10-12 || total
-------------------------+-------+-------+-------+-------++-------
Melee: Unarmed           |   142 |   168 |   249 |   129 ||   688
       Tailslap          |    24 |    24 |    46 |    31 ||   125
       Kick              |    11 |    24 |    11 |       ||    46
       Punch             |     3 |     2 |    12 |    15 ||    32
       Headbutt          |     3 |     7 |     1 |       ||    11
 Cast: Beastly Appendage |    24 |    19 |     5 |       ||    48
       Sticks to Snakes  |       |     4 |     1 |     7 ||    12
       Spider Form       |       |     5 |     4 |       ||     9
       Blade Hands       |       |       |    14 |    21 ||    35
 Abil: Breathe Steam     |       |       |     4 |     5 ||     9
  Use: Scroll            |       |     2 |     8 |    14 ||    24
       Potion            |       |     1 |     3 |     1 ||     5
 Stab: Sleeping          |     1 |     1 |     3 |     2 ||     7
       Distracted        |       |       |     2 |     1 ||     3
  Eat: Chunk             |     4 |     5 |    15 |    12 ||    36
       Fruit             |       |       |     2 |     3 ||     5
Armor: Skin              |    40 |    34 |    64 |    26 ||   164
Dodge: Dodged            |   104 |   130 |   170 |    74 ||   478
